AoeStats
← mordisquito69

Black Forest

504881647Analyzed
4v4 RM · 26d ago on Sep 6, 2026· 30m 58s· 8 players
Game mode
Random Map
Map size
Large (8 player)
Population
200
Speed
Normal
Resources
Standard
Victory
Conquest
Starting age
Dark Age
Ending age
Imperial Age
RankedLock teamsTeams togetherTeam positionsShared explorationLock speedFull tech treeHidden civsTurbo modeCheats
Victory
Defeat
🇲🇽 Mongols · Mexico
1133
+15
🇹🇼 Persians · Taiwan
1087
+17
🇺🇸 Turks · United States
1079
+17
🇨🇴 Portuguese · Colombia
1044
+19
🇵🇪 Vikings · Peru
1136
-18
🇩🇪 Mongols · Germany
1124
-18
🇦🇷 Bohemians · Argentina
1123
-18
🇧🇷 Khmer · Brazil
1037
-14
[BK] Ayala_27
0:29 Loom
14:43 Feudal Age
16:11 Fletching
22:04 Castle Age
20:31 Double-Bit Axe
21:16 Town Watch
21:50 Horse Collar
27:36 Wheelbarrow
27:47 Gold Mining
Planck Walk
12:01 Feudal Age
15:42 Castle Age
14:58 Loom
15:15 Double-Bit Axe
20:45 Imperial Age
19:10 Bow Saw
21:12 Padded Archer Armor
24:24 Sanctity
25:03 Leather Archer Armor
L3GAL
0:30 Loom
2:55 Loom
13:21 Feudal Age
16:39 Double-Bit Axe
16:53 Horse Collar
23:08 Forging
27:13 Arson
27:30 Scale Mail Armor
28:33 Fletching
32:09 Castle Age
31:25 Gold Mining
Jason
4:50 Loom
taiwan180
8:33 Loom
11:11 Feudal Age
14:55 Castle Age
13:01 Double-Bit Axe
18:32 Scale Barding Armor
21:08 Bloodlines
24:23 Bow Saw
27:25 Gold Mining
30:24 Forging
30:35 Chain Barding Armor
Haku...!!!
1:00 Loom
13:02 Feudal Age
14:25 Double-Bit Axe
19:54 Fletching
25:46 Castle Age
23:39 Horse Collar
24:27 Gold Mining
25:23 Padded Archer Armor
25:24 Scale Mail Armor
26:13 Pikeman
29:11 Bow Saw
28:35 Crossbowman
abffl
4:48 Loom
12:54 Feudal Age
17:38 Castle Age
15:27 Horse Collar
15:34 Double-Bit Axe
18:45 Bow Saw
19:05 Stone Mining
26:32 Wheelbarrow
25:59 Fletching
26:35 Ballistics
26:59 Bodkin Arrow
27:13 Town Watch
28:21 Padded Archer Armor
29:40 Bloodlines
29:46 Light Cavalry
30:37 Scale Barding Armor
mordisquito69
2:24 Loom
27:25 Feudal Age
31:16 Castle Age
29:28 Double-Bit Axe
Connection lost

Rejoining the realm…

Still unreachable

The connection could not be restored.

Session expired

The server has moved on; the page needs a fresh start.